 Dungeon Crawl Stone Soup version 0.30-a0-591-g3c58d2bc28 (webtiles) character file.

Game seed: 3787135894287524716

363 Jackthecabe the Shooter (level 6, -3/46 HPs)
             Began as a Demigod Hexslinger on Jan 5, 2023.
             Slain by a sky beast (5 damage)
             ... on level 4 of the Dungeon.
             The game lasted 00:10:02 (3903 turns).

Jackthecabe the Shooter (Demigod Hexslinger)        Turns: 3903, Time: 00:10:02

Health: -3/46      AC:  4    Str: 11    XL:     6   Next: 15%
Magic:  2/10       EV: 12    Int: 15    God:
Gold:   146        SH:  0    Dex: 22    Spells: 5/7 levels left

rFire   . . .      SeeInvis .    a - +1 sling
rCold   . . .      Faith    .    (no shield)
rNeg    . . .      Spirit   .    c - +0 robe
rPois   .          Reflect  .    m - +0 helmet
rElec   .          Harm     .    (no cloak)
rCorr   .          Rampage  .    (no gloves)
Will    .....                    q - +0 pair of boots
Stlth   ++                       (no amulet)
HPRegen 0.27/turn                (no ring)
MPRegen 0.12/turn                (no ring)

@: very slightly contaminated
A: high MP 1, forlorn, divine attributes
a: no special abilities


You were on level 4 of the Dungeon.
You visited 1 branch of the dungeon, and saw 4 of its levels.

You collected 146 gold pieces.


Innate Abilities, Weirdness & Mutations

You have an increased reservoir of magic. (+10% MP)
You shall have no god before yourself.
Your divine heritage dramatically boosts your attributes as you level up.


   Skills:
 - Level 0.8 Fighting
 + Level 6.3 Ranged Weapons
 - Level 1.7 Dodging
 - Level 1.0 Spellcasting
 - Level 2.6 Hexes


You had 5 spell levels left.
You knew the following spells:

 Your Spells              Type           Power      Damage    Failure   Level
s - Slow                  Hex            32%        N/A       9%          1
z - Sting                 Tmut/Pois      0%         1d3       24%         1

Your spell library contained the following spells:

 Spells                   Type           Power      Damage    Failure   Level
 Inner Flame              Hex/Fire       4%         N/A       38%         3
 Portal Projectile        Hex/Tloc       8%         N/A       38%         3
 Cause Fear               Hex            4%         N/A       63%         4

Inventory:

Hand Weapons
 a - a +1 sling (weapon)
Armour
 c - a +0 robe (worn)
 m - a +0 helmet (worn)
 q - a +0 pair of boots (worn)
Jewellery
 N - a ring of positive energy
Scrolls
 b - 2 scrolls of poison
 d - 3 scrolls of immolation {unknown}
 f - a scroll of enchant weapon {unknown}
 h - 4 scrolls of teleportation {@r2}
 i - 4 scrolls of identify {unknown}
 j - a scroll of summoning {unknown}
 k - 2 scrolls of amnesia {unknown}
 n - 3 scrolls of torment {unknown}
 o - a scroll of noise {unknown}
 p - a scroll of fear {unknown}
 s - a scroll of enchant armour {unknown}
Potions
 e - a potion of heal wounds {unknown}
 g - 2 potions of curing {unknown}
 l - a potion of brilliance {unknown}
 r - a potion of invisibility {unknown}
 t - 2 potions of ambrosia {unknown}

Dungeon Overview and Level Annotations

Branches:
Dungeon (4/15)             Temple (0/1) D:4

Annotations:
D:3 1 runed translucent door, Crazy Yiuf

##...........^..#
#...........#...#
..▒.8.▒....#...##
.........##....#
.#8.>.8.####...#
........# ##..#
##### ##▒.8.▒.#
##.######....###
###...#
##.##.........#
#####
#.@#.........#
##{#.........#
##..........#
#).<.......#
#.........#
#........##
###.....##
##...## #.....


There were no monsters in sight!


Message History

Press: ? - help, Shift-Dir - straight line, f - you You shoot a sling bullet.
Something hits you.
* * * LOW HITPOINT WARNING * * *
Something shocks you.
* * * LOW HITPOINT WARNING * * *
Fire: a) +1 sling
Press: ? - help, Shift-Dir - straight line, f - hobgoblin
Aim: a hobgoblin (65% to hit)
You shoot a sling bullet. Something barely misses you.
Fire: a) +1 sling
Press: ? - help, Shift-Dir - straight line, f - you You shoot a sling bullet.
Something hits you.
* * * LOW HITPOINT WARNING * * *
Something shocks you.
* * * LOW HITPOINT WARNING * * *
Fire: a) +1 sling
Press: ? - help, Shift-Dir - straight line, f - hobgoblin
Aim: a hobgoblin (65% to hit)
You shoot a sling bullet. Something hits you.
* * * LOW HITPOINT WARNING * * *
Something shocks you.
* * * LOW HITPOINT WARNING * * *
Something hits you.
* * * LOW HITPOINT WARNING * * *
Something shocks you.
You die...

Skill      XL: |  1  2  3  4  5 |
---------------+----------------+-----
Ranged Weapons | 2 3 4 5 6 |  6.3
Fighting       | |  0.8
Dodging        | |  1.7
Spellcasting   | |  1.0
Hexes          | |  2.6

Action                   |  1- 3 |  4- 6 || total
-------------------------+-------+-------++-------
 Fire: Sling             |   114 |   193 ||   307
 Cast: Slow              |     9 |    24 ||    33
       Sting             |    17 |    26 ||    43
  Use: Scroll            |     1 |       ||     1
Armor: Robe              |     9 |    20 ||    29
Dodge: Dodged            |    20 |    71 ||    91

Levels and vault maps discovered:
D:1:      dpeg_arrival_radiant, layout_basic,
          shapermc_ecumenical_altar_rom_forum, minmay_heptomino_d4
D:2:      layout_basic
D:3:      layout_rooms, mainiacjoe_overflow_concentric_impassable,
          xom_teletrap_fun, fedhas_ov_isle_minmay, uniq_crazy_yiuf_cottage
D:4:      layout_cave_pods, nicolae_gozag_seed_capital,
          kennysheep_vampire_church, minmay_temple_entry_statues_pillars

Notes
Turn   | Place    | Note
-------+----------+-------------------------------------------
     0 | D:1      | Jackthecabe the Demigod Hexslinger began the quest for the
                  | Orb.
     0 | D:1      | Reached XP level 1. HP: 15/15 MP: 4/4
    54 | D:1      | Reached skill level 2 in Ranged Weapons
    79 | D:1      | Got Plato's Papyrus of Intoxication
   213 | D:1      | Reached XP level 2. HP: 22/22 MP: 5/5
   215 | D:1      | Learned a level 1 spell: Sting
   327 | D:1      | Reached skill level 3 in Ranged Weapons
   965 | D:2      | Reached XP level 3. HP: 27/27 MP: 6/6
  1121 | D:2      | Identified the +7 dagger "Wynytag" {venom, *Slow Will+
                  | Str+6 Int-4}
  1458 | D:2      | Reached skill level 4 in Ranged Weapons
  1468 | D:2      | Reached XP level 4. HP: 17/34 MP: 0/8
  2012 | D:3      | Identified the +9 mace of Departure {protect, rPois}
  2143 | D:3      | Identified the +3 hammer "Plog" {speed, rPois Str+6}
  2150 | D:3      | Found a runed translucent door.
  2151 | D:3      | Noticed Crazy Yiuf
  2537 | D:3      | Reached skill level 5 in Ranged Weapons
  2537 | D:3      | Reached XP level 5. HP: 39/39 MP: 9/9
  3321 | D:4      | Reached skill level 6 in Ranged Weapons
  3321 | D:4      | Reached XP level 6. HP: 46/46 MP: 8/10
  3359 | D:4      | Found a staircase to the Ecumenical Temple.
  3902 | D:4      | HP: 4/46 [something (6)]
  3903 | D:4      | Slain by a sky beast

Vanquished Creatures
  A scorpion (D:4)
  An orc priest (D:4)
  An iguana (D:4)
  2 orc wizards (D:3)
  4 gnolls (D:2)
  5 adders
  2 worms (D:2)
  4 dart slugs
  10 orcs
  8 ball pythons
  5 endoplasms
  3 giant cockroaches
  6 goblins
  7 hobgoblins
  4 jackals (D:3)
  11 kobolds
  3 quokkas
  8 bats
  A frilled lizard (D:3)
  6 rats
92 creatures vanquished.

Vanquished Creatures (others)
  A fungus (D:3)
1 creature vanquished.

Grand Total: 93 creatures vanquished

Table legend: (Time is in decaauts)
 A = Elapsed time spent in this place.
 B = Non-inter-level travel time spent in this place.
 C = Inter-level travel time spent in this place.
 D = Time resting spent in this place.
 E = Time spent auto-exploring this place.
 F = Levels seen in this place.
 G = Mean time per level.
                   A        B        C        D        E       F      G
               +--------+--------+--------+--------+--------+-----+--------+
         Total |   3957 |   3828 |    129 |    481 |   2573 |   4 |  989.2 |
       Dungeon |   3957 |   3828 |    129 |    481 |   2573 |   4 |  989.2 |
               +--------+--------+--------+--------+--------+-----+--------+

Top non-repeatable levels by time:
     D:3: 1477 daAuts
     D:2: 1130 daAuts
     D:1: 885 daAuts
     D:4: 464 daAuts

Table legend:
 A = Non-vault XP
 B = Vault XP
 C = Vault XP percentage of total XP
 D = Non-vault monster count
 E = Vault monster count
 F = Vault count percentage of total count
                 A         B        C        D         E       F
            +---------+---------+-------+---------+---------+-------
      Total |     510 |       9 |   1.7 |      88 |       4 |   4.3
            +---------+---------+-------+---------+---------+-------
        D:1 |      36 |       9 |  20.0 |      21 |       4 |  16.0
        D:2 |     106 |       0 |   0.0 |      25 |       0 |   0.0
        D:3 |     167 |       0 |   0.0 |      27 |       0 |   0.0
        D:4 |     201 |       0 |   0.0 |      15 |       0 |   0.0
            +---------+---------+-------+---------+---------+-------
